 Dungeon Crawl Stone Soup version 0.19.1 (webtiles) character file.

22 Dfrag the Conjurer (level 2, -7/22 HPs)
             Began as a Naga Conjurer on Dec 2, 2016.
             Mangled by Terence
             ... wielding a +0 hand axe
              (8 damage)
             ... on level 2 of the Dungeon.
             The game lasted 00:02:06 (1060 turns).

Dfrag the Conjurer (Naga Conjurer)                  Turns: 1060, Time: 00:02:07

Health: -7/22      AC:  1    Str: 10    XL:     2   Next: 91%
Magic:  0/5        EV: 10    Int: 15    God:
Gold:   117        SH:  0    Dex: 11    Spells: 2 memorised, 3 levels left

rFire  . . .     SeeInvis +     k - +0 mace
rCold  . . .     Gourm    .     a - +0 robe
rNeg   . . .     Faith    .     (no shield)
rPois  +         Spirit   .     (no helmet)
rElec  .         Reflect  .     (no cloak)
rCorr  .         Harm     .     (no gloves)
MR     .....                    (no barding)
Stlth  ++........               (no amulet)
                                (no ring)
                                (no ring)

@: short of breath, very slow
A: see invisible, deformed body, poison resistance, slowness 2, slow metabolism
1, spit poison 1, AC +0
a: Spit Poison


You were on level 2 of the Dungeon.
You were not hungry.

You visited 1 branch of the dungeon, and saw 2 of its levels.

You collected 117 gold pieces.

Inventory:

Hand Weapons
 k - a +0 mace (weapon)
Armour
 a - a +0 robe (worn)
Scrolls
 d - a scroll of amnesia {unknown}
 e - a scroll of recharging {unknown}
 g - 2 scrolls of identify {unknown}
 h - 2 scrolls of remove curse {unknown}
 j - a scroll of random uselessness {unknown}
 l - a scroll of fear {unknown}
 m - a scroll of immolation {unknown}
Potions
 i - a potion of degeneration {unknown}
Books
 b - a book of Conjurations

   Spells                             Type                      Level
   a - Magic Dart                     Conjuration                  1
   b - Searing Ray                    Conjuration                  2
   c - Dazzling Spray                 Conjuration/Hexes            3
   d - Fulminant Prism                Conjuration/Hexes            4
   e - Iskenderun's Mystic Blast      Conjuration                  4
   f - Iskenderun's Battlesphere      Conjuration/Charms           5
Comestibles
 c - 3 bread rations
 f - a meat ration


   Skills:
 - Level 1.5 Dodging
 - Level 3.0 Stealth
 * Level 2.7 Spellcasting
 + Level 4.3 Conjurations


You had 3 spell levels left.
You knew the following spells:

 Your Spells              Type           Power        Failure   Level  Hunger
a - Magic Dart            Conj           ###.         3%          1    #......
b - Searing Ray           Conj           ###...       6%          2    ##.....


Dungeon Overview and Level Annotations

Branches:
Dungeon (2/15)

Altars:

Annotations:
D:2 Terence


Innate Abilities, Weirdness & Mutations

You cannot wear boots.
Your serpentine skin is tough. (AC +0)
You have supernaturally acute eyesight. (SInv)
Armour fits poorly on your strangely shaped body.
Your system is resistant to poisons. (rPois)
You cover ground very slowly.
You have a slow metabolism.
You can spit poison.


Message History

You don't have enough magic to cast that spell.
Unknown command.
Terence hits you with a hand axe!
* * * LOW HITPOINT WARNING * * *
You have got your breath back.
Press: ? - help, Shift-Dir - straight line, f/p - Terence
Aim: Terence, wielding a hand axe and wearing a scale mail (almost dead)
The splash of poison hits Terence.
Terence is almost dead.
You feel slightly more hungry. Terence closely misses you.
Unknown command.
Casting: Magic Dart
Confirm with . or Enter, or press ? or * to list all spells.
Aiming: Magic Dart
Press: ? - help, Shift-Dir - straight line, f/p - Terence
Aim: Terence, wielding a hand axe and wearing a scale mail (almost dead)
The magic dart hits Terence.
Terence is almost dead.
Terence hits you with a hand axe!
You die...

##### #...#
######.#.# #####
#....#.#.#
#[..#######.#....#.#
...........†.>##@#.#
#...####.##.....@#.#
#...#
#.####.##.#.###
#...# #.# #.#......#
#...# #.# #.####.#.#
##### #.# #.. ....#
#.# ### ###.## #.#
.# .# #### .#


You could see Terence.

Vanquished Creatures
  A worm (D:2)
  A dart slug (D:1)
  A leopard gecko (D:1)
  2 goblins
  A hobgoblin (D:2)
  A jackal (D:1)
  3 kobolds
  2 bats (D:1)
  2 frilled lizards
  3 rats
17 creatures vanquished.

Notes
Turn   | Place    | Note
-------+----------+-------------------------------------------
     0 | D:1      | Dfrag the Naga Conjurer began the quest for the Orb.
     0 | D:1      | Reached XP level 1. HP: 15/15 MP: 3/3
   526 | D:1      | Reached XP level 2. HP: 5/22 MP: 0/5
   530 | D:1      | Learned a level 2 spell: Searing Ray
   955 | D:2      | Found a faded altar of an unknown god.
  1036 | D:2      | Noticed Terence
  1057 | D:2      | HP: 1/22 [Terence/hand axe (8)]
  1060 | D:2      | Mangled by Terence

Action                   || total
-------------------------++-------
Melee: Unarmed           ||    12
       Mace              ||    11
 Cast: Magic Dart        ||    14
       Searing Ray       ||     1
 Abil: Spit Poison       ||    17
  Eat: Chunk             ||     1
Armor: Robe              ||     2
Dodge: Dodged            ||    22
